 Dungeon Crawl Stone Soup version 0.22-a0-305-gd21a89c (webtiles) character file.

69430 Amnesiac the Sharpshooter (level 14, -3/77 HPs)
             Began as a Spriggan Hunter on Mar 28, 2018.
             Was the Champion of Okawaru.
             Killed by divine providence
             ... invoked by a smoke demon
              (10 damage)
             ... on level 6 of the Lair of Beasts.
             The game lasted 00:49:54 (27275 turns).

Amnesiac the Sharpshooter (Spriggan Hunter)        Turns: 27275, Time: 00:49:55

Health: -3/77      AC: 14    Str: 12    XL:     14   Next: 90%
Magic:  21/21      EV: 21    Int: 12    God:    Okawaru [******]
Gold:   1701       SH:  0    Dex: 18    Spells: 13/13 levels left

rFire    + + .     SeeInvis +   q - +6 triple crossbow (freeze)
rCold    . . .     Gourm    .   (shield currently unavailable)
rNeg     . . .     Faith    +   o - +3 fire dragon scales
rPois    .         Spirit   .   (helmet restricted)
rElec    .         Reflect  .   (no cloak)
rCorr    .         Harm     .   (gloves unavailable)
MR       ++...                  (boots unavailable)
Stlth    ..........             x - amulet of faith
HPRegen  0.22/turn              n - ring of protection from cold
MPRegen  0.17/turn              U - +3 ring of protection

@: very quick
A: very small, unfitting armour, see invisible, herbivore, speed 3, screaming 1,
slow metabolism 2
a: Heroism, Finesse, Renounce Religion


You were on level 6 of the Lair of Beasts.
You worshipped Okawaru.
Okawaru was exalted by your worship.
You were not hungry.

You visited 4 branches of the dungeon, and saw 22 of its levels.
You also visited: Labyrinth and Ice Cave.

You collected 2766 gold pieces.
You spent 1065 gold pieces at shops.

Inventory:

Hand Weapons
 b - the +8 hunting sling of Due Proportion {freeze, +Inv rPois rF- SInv}
   (You found it in a labyrinth)

   It causes projectiles fired from it to freeze those they strike, causing
   extra injury to most foes and up to half again as much damage against
   particularly susceptible opponents.
   They can also slow down cold-blooded creatures.
   It makes you vulnerable to fire.
   It protects you from poison.
   It lets you see invisible.
   It lets you turn invisible.
 m - the +11 trident "Hell-Harrower" {pierce, rPois Int+3 Dex+3}
   (You took it off an orc on level 7 of the Dungeon)

   It inflicts extra damage upon your enemies.
   It affects your intelligence (+3).
   It affects your dexterity (+3).
   It protects you from poison.
 q - a +6 triple crossbow of freezing (weapon)
 O - a +3 hunting sling of flaming
Missiles
 d - 378 bolts (quivered)
 j - 527 stones
 v - 51 sling bullets
 D - 55 poisoned needles
 Q - 3 needles of sleeping
Armour
 o - +3 fire dragon scales (worn)
 B - a +0 hat
 V - +0 ice dragon scales
Jewellery
 l - an uncursed ring of flight
 n - a ring of protection from cold (left hand)
 t - an uncursed ring of poison resistance
 u - an uncursed ring of wizardry
 x - an amulet of faith (around neck)
 M - an uncursed ring of resist corrosion
 U - a +3 ring of protection (right hand)
 Z - an uncursed ring of protection from fire
Wands
 r - a wand of polymorph (30)
 z - a wand of acid (18)
 C - a wand of scattershot (4)
 E - a wand of flame (83)
 J - a wand of clouds (6)
 P - a wand of digging (8)
 S - a wand of disintegration (34)
 T - a wand of iceblast (11)
Scrolls
 c - 2 scrolls of remove curse {!r}
 p - 2 scrolls of identify {!r}
 w - 5 scrolls of magic mapping {!r}
 y - a scroll of fog {!r}
 G - 3 scrolls of teleportation {!r}
 I - 2 scrolls of vulnerability {!r}
 N - 2 scrolls of immolation {!r}
Potions
 a - a potion of resistance {!q}
 e - 11 potions of curing {!q}
 g - a potion of ambrosia {!q}
 h - 7 potions of flight {!q}
 i - 2 potions of mutation {!q}
 k - 3 potions of brilliance {!q}
 s - 3 potions of agility {!q}
 A - 2 potions of lignification {!q}
 F - 3 potions of magic {!q}
 H - a potion of heal wounds {!q}
 K - 2 potions of might {!q}
 L - 4 potions of haste {!q}
Comestibles
 f - 28 rations


   Skills:
 - Level 10.6 Fighting
 + Level 19.4 Crossbows
 - Level 12.6 Dodging
 - Level 1.5 Stealth
 - Level 8.0 Invocations


You had 13 spell levels left.
You didn't know any spells.

Dungeon Overview and Level Annotations

Branches:
Dungeon (13/15)            Temple (1/1) D:7            Lair (6/6) D:8
  Swamp (0/4) Lair:3        Snake (0/4) Lair:3        Slime (0/5) Lair:5
    Orc (2/2) D:11            Elf (0/3) Orc:2
 Vaults: D:13-14

Altars:
Ashenzari
Cheibriados
Dithmenos
Elyvilon
Fedhas
Gozag
Hepliaklqana
Kikubaaqudgha
Makhleb
Nemelex Xobeh
Okawaru
Qazlal
Ru
Sif Muna
Trog
Uskayaw
Vehumet
Wu Jian
Xom
Yredelemnul
Zin
Beogh
Jiyva

Shops:
D:5 =   D:8 !!?[   D:10 ?   Orc:2 =[[?

Portals:
Bazaar: D:11
Trove: D:13 (give 8 scrolls of blinking)

Annotations:
D:4 Dowan


Innate Abilities, Weirdness & Mutations

You are very small and have problems with some larger weapons.
You are too small for most types of armour.
You have supernaturally acute eyesight. (SInv)
You are a herbivore.
You cover ground extremely quickly.
You need to consume almost no food.
You occasionally shout uncontrollably at your foes.


Message History

Press: ? - help, Shift-Dir - straight line, f - you That would be overly suicidal.
Okay, then.
You start resting.
You feel sick.
Firing (i - inventory. (/) - cycle)
d - 387 bolts (quivered)
Press: ? - help, Shift-Dir - straight line, f - ice devil
Aim: an ice devil (moderately wounded)
You shoot a bolt. The bolt hits the ice devil!!
The ice devil is almost dead.
Firing (i - inventory. (/) - cycle)
d - 386 bolts (quivered)
Press: ? - help, Shift-Dir - straight line, f/p - ice devil
Aim: an ice devil (almost dead)
You shoot a bolt. The bolt hits the ice devil!
You kill the ice devil!
Okawaru accepts your kill.
Firing (i - inventory. (/) - cycle)
d - 385 bolts (quivered)
Press: ? - help, Shift-Dir - straight line, f - red devil
Aim: a red devil, wielding a trident You shoot a bolt.
The bolt closely misses the red devil.
The bolt hits the hell hound!!
The bolt freezes the hell hound!
You kill the hell hound!
Okawaru accepts your kill.
You feel sick.
Unknown command.
Firing (i - inventory. (/) - cycle)
d - 384 bolts (quivered)
Press: ? - help, Shift-Dir - straight line, f/p - red devil
Aim: a red devil, wielding a trident You shoot a bolt.
The bolt misses the red devil.
The bolt hits the hell hound!
The bolt freezes the hell hound.
You kill the hell hound!
Okawaru accepts your kill.
Firing (i - inventory. (/) - cycle)
d - 383 bolts (quivered)
Press: ? - help, Shift-Dir - straight line, f/p - red devil
Aim: a red devil, wielding a trident You shoot a bolt.
The bolt hits the red devil.
The bolt freezes the red devil.
The red devil is moderately wounded.
You feel sick.
You are no longer poisoned.
Firing (i - inventory. (/) - cycle)
d - 382 bolts (quivered)
Press: ? - help, Shift-Dir - straight line, f/p - red devil
Aim: a red devil, wielding a trident (moderately wounded)
You shoot a bolt. The bolt barely misses the red devil.
Firing (i - inventory. (/) - cycle)
d - 381 bolts (quivered)
Press: ? - help, Shift-Dir - straight line, f/p - red devil
Aim: a red devil, wielding a trident (moderately wounded)
You shoot a bolt. The bolt hits the red devil.
The bolt freezes the red devil.
The red devil is heavily wounded.
Firing (i - inventory. (/) - cycle)
d - 380 bolts (quivered)
Press: ? - help, Shift-Dir - straight line, f/p - red devil
Aim: a red devil, wielding a trident (heavily wounded)
You shoot a bolt. The bolt hits the red devil!
The bolt freezes the red devil!
You kill the red devil!
Okawaru accepts your kill.
Firing (i - inventory. (/) - cycle)
d - 379 bolts (quivered)
Press: ? - help, Shift-Dir - straight line, f - hell hound
Aim: a hell hound You shoot a bolt.
The bolt hits the hell hound but does no damage.
The hell hound breathes flames at you. The blast of flame hits you! You resist.
* * * LOW HITPOINT WARNING * * *
The smoke demon gestures at you. Something smites you!
You die...

...........##......# ##.....#.#
.........3..P......# #.#P.....#
...#.##...(........####......P##
..######P..........#..##.......#
.#### ##P..(.........#.#.....##
..#.# #.P..h.......P###......#
...## ###.........P##.#......#
.P.# ##..........P##.......#
...# #.#....@.....#.......##
...## ##......).......##....#
....# ####...........#####.#
....# ### ###........### ###
..### #.###.#.......## .##
##.##......b..## .##
#.............# ..#
##...........## .##
####.........#...#


You could see a smoke demon and a hell hound.

Vanquished Creatures
  Rupert (Lair:3)
  Kirke (Lair:4)
  A dire elephant (Lair:6)
  A minotaur (Lab)
  Snorg (D:13)
  A hell beast (Lair:6)
  5 hydras
  2 ice dragons (IceCv)
  2 centaur warriors
  2 two-headed ogres
  2 catoblepae
  3 death yaks (Lair:6)
  An unseen horror (D:13)
  A wizard (Lair:6)
  An orc knight (Orc:2)
  A wolf spider zombie (D:8)
  An orc sorcerer (Orc:2)
  A shining eye (Lair:4)
  9 elephants
  2 ice statues (IceCv)
  2 black mambas (Lair:5)
  Joseph (D:7)
  2 centaur skeletons
  13 spiny frogs
  2 gargoyles
  A torpor snail (Lair:6)
  An orange demon (Lair:6)
  4 kobold demonologists (D:13)
  9 komodo dragons
  6 rime drakes
  2 hellwings (D:8)
  A guardian mummy (D:13)
  An efreet (D:11)
  2 ice devils (Lair:6)
  A red devil (Lair:6)
  2 polar bears
  4 trolls
  A hornet (D:11)
  Grinder (D:3)
  2 hippogriffs
  14 blink frogs
  5 dream sheep
  3 slime creatures (D:12)
  Sigmund (D:4)
  A spriggan (D:7)
  A wyvern (D:13)
  2 water elementals (D:13)
  37 yaks
  4 hogs (Lair:4)
  Eustachio (D:5)
  Menkaure (D:7)
  An acid dragon (D:11)
  4 nagas (Lair:3)
  17 water moccasins
  A warg (Orc:2)
  12 porcupines
  Duvessa (D:4)
  4 hell hounds (Lair:6)
  3 black bears
  40 orc warriors
  A phantom (D:7)
  18 ice beasts
  2 necrophages
  6 ogres
  7 wolves
  20 centaurs
  14 crocodiles
  3 big kobolds
  The ghost of Amnesiac the Ducker, an amateur SpGl (D:4)
  10 bullfrogs
  3 wyvern zombies
  A wyvern skeleton (D:11)
  2 scorpions
  6 electric eels
  4 wights (D:12)
  4 howler monkeys (D:11)
  5 crimson imps
  5 centaur zombies
  A bullfrog zombie (D:12)
  5 bullfrog skeletons
  11 hounds
  3 jellies
  15 orc priests
  8 hell rats
  4 iguanas
  12 orc wizards
  10 worker ants
  A hound skeleton (D:4)
  A worker ant zombie (D:11)
  A howler monkey skeleton (D:7)
  11 adders
  9 river rats (D:7)
  7 shadow imps
  An ooze (D:3)
  An adder zombie (D:8)
  5 worms
  2 dart slugs (D:3)
  4 leopard geckos
  83 orcs
  13 bats
  6 giant cockroaches
  7 goblins
  11 hobgoblins
  15 jackals
  10 kobolds
  11 quokkas
  9 frilled lizards
  A giant cockroach zombie (D:5)
  A jackal skeleton (D:4)
  2 leopard gecko skeletons (D:8)
  2 leopard gecko zombies
  A quokka skeleton (D:6)
  A quokka zombie (D:6)
  19 rats
  A plant (Lair:6)
  A withered plant (D:8)
668 creatures vanquished.

Vanquished Creatures (others)
  An orc knight (D:13)
  An orc wizard (Orc:2)
  A bush (Lair:5)
  9 fungi
  15 plants
27 creatures vanquished.

Grand Total: 695 creatures vanquished

Notes
Turn   | Place    | Note
-------+----------+-------------------------------------------
     0 | D:1      | Amnesiac the Spriggan Hunter began the quest for the Orb.
     0 | D:1      | Reached XP level 1. HP: 10/10 MP: 2/2
   313 | D:2      | Reached XP level 2. HP: 9/14 MP: 3/3
   858 | D:1      | Reached skill level 5 in Crossbows
   867 | D:1      | Reached XP level 3. HP: 18/18 MP: 4/4
  1965 | D:2      | Reached XP level 4. HP: 10/22 MP: 5/5
  2407 | D:3      | Reached skill level 6 in Crossbows
  2477 | D:3      | Noticed a centaur
  2486 | D:3      | Killed a centaur
  2486 | D:3      | Reached XP level 5. HP: 8/25 MP: 6/6
  2704 | D:3      | Noticed Grinder
  2731 | D:3      | Killed Grinder
  2731 | D:3      | Reached skill level 7 in Crossbows
  2731 | D:3      | Reached XP level 6. HP: 28/30 MP: 7/7
  2804 | D:3      | Reached skill level 8 in Crossbows
  3140 | D:4      | Reached XP level 7. HP: 31/33 MP: 8/8
  3385 | D:4      | Noticed Duvessa
  3420 | D:4      | Noticed Dowan
  3421 | D:4      | Killed Duvessa
  3421 | D:4      | Reached skill level 9 in Crossbows
  3991 | D:4      | Noticed Amnesiac's ghost (amateur SpGl)
  4088 | D:4      | Killed Amnesiac's ghost
  4402 | D:4      | Noticed Sigmund
  4419 | D:4      | Killed Sigmund
  4419 | D:4      | Reached skill level 10 in Crossbows
  4419 | D:4      | Reached XP level 8. HP: 31/37 MP: 9/9
  4541 | D:5      | Entered Level 5 of the Dungeon
  4964 | D:5      | Got an encrusted whip
  4965 | D:5      | Identified the +10 whip "Ehoul" {elec, *Corrode rPois Dex+3 SInv} (You found it on level 5 of the Dungeon)
  4984 | D:5      | Noticed Eustachio
  4998 | D:5      | Killed Eustachio
  5062 | D:5      | Found Samom's Jewellery Shop.
  6185 | D:7      | Reached skill level 5 in Dodging
  6291 | D:7      | Found a staircase to the Ecumenical Temple.
  6314 | Temple   | Entered the Ecumenical Temple
  6353 | Temple   | Became a worshipper of Warmaster Okawaru
  6522 | D:7      | Reached XP level 9. HP: 40/45 MP: 10/10
  6535 | D:7      | Got a pitted trident {pierce}
  6536 | D:7      | Identified the +11 trident "Hell-Harrower" {pierce, rPois Int+3 Dex+3} (You took it off an orc on level 7 of the Dungeon)
  6558 | D:7      | Noticed Menkaure
  6566 | D:7      | Killed Menkaure
  6633 | D:7      | Reached * piety under Okawaru
  6693 | D:7      | Reached skill level 5 in Fighting
  6693 | D:7      | Reached skill level 11 in Crossbows
  6821 | D:7      | Noticed Joseph
  6836 | D:7      | Killed Joseph
  7461 | D:8      | Found a staircase to the Lair.
  7464 | D:8      | Reached ** piety under Okawaru
  7603 | D:8      | Found Noan's Distillery.
  7727 | D:8      | Found Nugy's Distillery.
  7798 | D:8      | Reached XP level 10. HP: 46/53 MP: 11/11
  8360 | D:8      | Found Nintyv Xaeba's Armour Boutique.
  8386 | D:8      | Found a shadowy altar of Dithmenos.
  8492 | D:8      | Reached *** piety under Okawaru
  8548 | D:8      | Found Efrunt's Magic Scroll Emporium.
  8892 | D:8      | HP: 2/56 [wolf spider zombie (19)]
  8910 | D:8      | Reached **** piety under Okawaru
  8910 | D:8      | Received a gift from Okawaru
  8910 | D:8      | Reached skill level 12 in Crossbows
  9166 | D:8      | Reached skill level 10 in Dodging
  9327 | D:8      | Identified the Collected Works on Creation and Confrontation
  9693 | D:9      | Noticed a two-headed ogre
  9709 | D:9      | Killed a two-headed ogre
  9709 | D:9      | Received a gift from Okawaru
  9709 | D:9      | Reached XP level 11. HP: 60/60 MP: 12/12
 10110 | D:10     | Entered Level 10 of the Dungeon
 10323 | D:10     | Found Feojiysch's Magic Scroll Boutique.
 11272 | D:11     | Reached ***** piety under Okawaru
 11363 | D:11     | Found a staircase to the Orcish Mines.
 11376 | D:11     | Found a roughly hewn altar of Beogh.
 11433 | D:11     | Received a gift from Okawaru
 11694 | D:11     | Found a stormy altar of Qazlal.
 11736 | D:11     | Found a gateway to a bazaar.
 12087 | D:11     | Received a gift from Okawaru
 12829 | D:12     | Found a labyrinth entrance.
 12917 | Lab      | Entered a labyrinth
 13443 | Lab      | Noticed a minotaur
 13483 | Lab      | Killed a minotaur
 13508 | Lab      | Got a steaming hunting sling
 13685 | D:12     | Received a gift from Okawaru
 14027 | D:12     | Reached skill level 5 in Invocations
 14234 | D:12     | Got a shadowed robe
 14246 | D:12     | Identified the cursed +1 robe "Jemub" {-Tele Int+4 Dex+4} (You found it on level 12 of the Dungeon)
 14258 | D:12     | Identified the +8 hunting sling of Due Proportion {freeze, +Inv rPois rF- SInv} (You found it in a labyrinth)
 14478 | D:13     | Received a gift from Okawaru
 14923 | D:13     | Noticed a two-headed ogre
 14970 | D:13     | Killed a two-headed ogre
 14970 | D:13     | Received a gift from Okawaru
 15026 | D:13     | Noticed an orc knight
 15121 | D:13     | Noticed a centaur warrior
 15238 | D:13     | HP: 2/62 [centaur warrior/arrow (22)]
 15244 | D:13     | HP: 3/62 [centaur warrior/arrow (23)]
 15246 | D:13     | Killed an orc knight
 15246 | D:13     | Reached XP level 12. HP: 15/67 MP: 15/18
 15256 | D:13     | Killed a centaur warrior
 15785 | D:13     | Noticed Snorg
 15837 | D:13     | Killed Snorg
 15837 | D:13     | Received a gift from Okawaru
 15840 | D:13     | Got distressingly furry steam dragon scales {god gift}
 15851 | D:13     | Identified the +1 steam dragon scales "Ystivilun" {Dex+4} (Okawaru gifted it to you on level 13 of the Dungeon)
 15898 | D:13     | Reached skill level 10 in Fighting
 16378 | D:13     | Found a portal to a secret trove of treasure.
 16604 | D:13     | Found a roughly hewn altar of Beogh.
 16787 | Orc:1    | Entered Level 1 of the Orcish Mines
 17043 | Orc:1    | Reached skill level 13 in Crossbows
 17375 | Orc:2    | Entered Level 2 of the Orcish Mines
 17487 | Orc:2    | Noticed a centaur warrior
 17606 | Orc:2    | Killed a centaur warrior
 18258 | Orc:2    | Found a staircase to the Elven Halls.
 18354 | Orc:2    | Reached skill level 14 in Crossbows
 18665 | Orc:2    | Found Kuathrief's Armour Emporium.
 18665 | Orc:2    | Found Turricvu's Antique Armour Boutique.
 18667 | Orc:2    | Found Castreg's Jewellery Shop.
 18669 | Orc:2    | Found Tefaf's Magic Scroll Shoppe.
 19121 | D:8      | Bought +0 fire dragon scales for 900 gold pieces
 19167 | D:8      | Reached XP level 13. HP: 53/72 MP: 20/20
 19200 | D:8      | Bought a scroll of enchant armour for 75 gold pieces
 19268 | D:10     | Bought a scroll of enchant armour for 90 gold pieces
 19347 | Lair:1   | Entered Level 1 of the Lair of Beasts
 19375 | Lair:1   | Received a gift from Okawaru
 19522 | Lair:1   | Got a smoking hand axe
 20176 | Lair:2   | Got an ancient robe
 20448 | Lair:2   | Reached skill level 15 in Crossbows
 20903 | Lair:3   | Found a staircase to the Swamp.
 20942 | Lair:3   | Found a staircase to the Snake Pit.
 21036 | Lair:3   | Reached ****** piety under Okawaru
 21048 | Lair:3   | Received a gift from Okawaru
 21701 | Lair:4   | Noticed Rupert
 21758 | Lair:3   | Killed Rupert
 21758 | Lair:3   | Reached skill level 16 in Crossbows
 22011 | Lair:4   | Noticed Nessos
 22014 | Lair:4   | Noticed Nessos
 22014 | Lair:4   | Nessos changed into Nessos the shining eye
 22016 | Lair:4   | Gained mutation: You occasionally shout uncontrollably at your foes. [Nessos]
 22018 | Lair:4   | Killed Nessos the shining eye
 22266 | Lair:4   | Found a frozen archway.
 22271 | IceCv    | Entered an ice cave
 22408 | IceCv    | Received a gift from Okawaru
 22586 | IceCv    | Reached skill level 17 in Crossbows
 22666 | IceCv    | Identified the cursed +1 robe "Kafafeth" {MR+} (You found it on level 2 of the Lair of Beasts)
 22686 | IceCv    | Identified a scroll of acquirement {!r}
 22800 | Lair:4   | Reached XP level 14. HP: 77/77 MP: 21/21
 22848 | Lair:4   | Noticed Kirke
 22856 | Lair:4   | Killed Kirke
 23933 | Lair:5   | Received a gift from Okawaru
 24009 | Lair:5   | Reached skill level 18 in Crossbows
 24528 | Lair:5   | Received a gift from Okawaru
 24628 | Lair:5   | Found a viscous altar of Jiyva.
 24629 | Lair:5   | Found a staircase to the Slime Pits.
 24784 | Lair:6   | Entered Level 6 of the Lair of Beasts
 24810 | Lair:5   | HP: 3/77 [poisoned by a black mamba]
 26645 | Lair:6   | Reached skill level 19 in Crossbows
 27195 | Lair:6   | Found a burning altar of Makhleb.
 27275 | Lair:6   | Killed from afar by a smoke demon

Vault maps used:
D:1:      minmay_arrival_widening_spiral_narrow, minmay_misc_feat_doors
D:3:      nicolae_overflow_hidden_temple, first_ration, uniq_grinder
D:4:      uniq_sigmund, uniq_duvessa
D:5:      serial_shops, shop, st_stairs_14, uniq_eustachio
D:7:      lemuel_ratsnest, minmay_temple_entry_trees, minmay_misc_feat_square,
          the_bakery, lemuel_another_geyser, uniq_joseph, uniq_menkaure
D:8:      cheibrodos_grave_circle, minmay_lair_entry_grove, serial_shops,
          nicolae_shop_waterfront, nicolae_shop_behind_doors,
          nicolae_shop_stone, shop_statue, nicolae_dithmenos_shadow_blocks
D:10:     serial_shops, shop
D:11:     minmay_orc_entry_temple_small, serial_shops, bzr_entry_water,
          basic_altar
D:12:     lab_entry_generic
D:13:     nicolae_trove_entry_path_of_doom, special_room, serial_bayou_lake_a,
          uniq_snorg
Temple:   compressed_dpeg_triangle_lava_temple
Lair:1:   grunt_megastairs_4
Lair:2:   serial_bayou_ford_a, grunt_megastairs_2
Lair:3:   swamp_mist, guppyfry_snake_entry_garden, tgw_fedhas
Lair:4:   portal_ice_cave_entry_pillars_2, hangedman_lair_generics_rect,
          uniq_kirke, uniq_rupert, uniq_nessos
Lair:5:   dpeg_slime_entry_enclosed_altar, gammafunk_lair_bear_cave,
          grunt_megastairs_5
Lair:6:   evil_forest, lemuel_fruit_fields
Orc:1:    mines_bat_river
Orc:2:    st_orc_rangers
Lab:      labyrinth_hidden_loot, nicolae_lab_stuck
IceCv:    ice_cave_small_dragons

Skill      XL: |  1  2  3  4  5  6  7  8  9 10 11 12 13 14 |
---------------+-------------------------------------------+-----
Crossbows      | 5 6 7 8 10 11 12 14 17 19 | 19.4
Fighting       | 4 6 8 9 10 | 10.6
Dodging        | 5 8 10 11 12 | 12.6
Invocations    | 7 8 |  8.0
Stealth        | |  1.5

Action                   |  1- 3 |  4- 6 |  7- 9 | 10-12 | 13-15 || total
-------------------------+-------+-------+-------+-------+-------++-------
Melee: Short sword       |    16 |       |       |       |       ||    16
       Spear             |     1 |       |       |       |       ||     1
       Whip              |       |       |    92 |       |    10 ||   102
       Trident           |       |       |   144 |   163 |       ||   307
 Fire: Hunting sling     |   111 |    90 |   113 |   176 |       ||   490
       Hand crossbow     |       |       |    25 |   735 |       ||   760
       Arbalest          |       |       |       |   213 |    52 ||   265
       Triple crossbow   |       |       |       |       |   525 ||   525
Throw: Stone             |       |       |       |     5 |       ||     5
Invok: Heroism           |       |       |       |     6 |     2 ||     8
       Finesse           |       |       |       |     2 |     2 ||     4
 Abil: Evoke Berserk Rag |       |       |     2 |     1 |       ||     3
Evoke: Wand              |       |       |       |     1 |     1 ||     2
  Use: Scroll            |     3 |       |    11 |    13 |    16 ||    43
       Potion            |       |       |     4 |     6 |     1 ||    11
 Stab: Sleeping          |       |       |     7 |     2 |       ||     9
       Distracted        |       |       |     2 |       |       ||     2
  Eat: Ration            |       |       |     3 |     5 |     4 ||    12
Armor: Robe              |     4 |       |    13 |    11 |       ||    28
       Steam dragon scal |       |       |       |     9 |       ||     9
       Fire dragon scale |       |       |       |     3 |    54 ||    57
Dodge: Dodged            |    33 |    22 |   262 |   691 |   316 ||  1324

Table legend:
 A = Spawn XP
 B = Non-spawn XP
 C = Spawn XP percentage of total XP
 D = Spawn monster count
 E = Non-spawn monster count
 F = Spawn count percentage of total count
 G = Total turns spent on level
                    A         B        C        D         E        F      G
               +---------+---------+-------+---------+---------+-------+---------
         Total |       0 |   99186 |   0.0 |       0 |     668 |   0.0 | 27275
               +---------+---------+-------+---------+---------+-------+---------
           D:1 |       0 |      23 |   0.0 |       0 |      15 |   0.0 |   980
           D:2 |       0 |      90 |   0.0 |       0 |      30 |   0.0 |  1298
           D:3 |       0 |     583 |   0.0 |       0 |      28 |   0.0 |  1082
           D:4 |       0 |     904 |   0.0 |       0 |      21 |   0.0 |  1459
           D:5 |       0 |     341 |   0.0 |       0 |      13 |   0.0 |   621
           D:6 |       0 |     468 |   0.0 |       0 |      15 |   0.0 |   816
           D:7 |       0 |    2692 |   0.0 |       0 |      56 |   0.0 |  1639
           D:8 |       0 |    5047 |   0.0 |       0 |      40 |   0.0 |  1616
           D:9 |       0 |    1462 |   0.0 |       0 |      16 |   0.0 |   763
          D:10 |       0 |     710 |   0.0 |       0 |      11 |   0.0 |   879
          D:11 |       0 |    2081 |   0.0 |       0 |      31 |   0.0 |  1527
          D:12 |       0 |    4010 |   0.0 |       0 |      39 |   0.0 |  1353
          D:13 |       0 |    9585 |   0.0 |       0 |      53 |   0.0 |  2352
        Lair:1 |       0 |    3437 |   0.0 |       0 |      13 |   0.0 |   711
        Lair:2 |       0 |    4827 |   0.0 |       0 |      24 |   0.0 |   790
        Lair:3 |       0 |    8799 |   0.0 |       0 |      23 |   0.0 |  1009
        Lair:4 |       0 |   10403 |   0.0 |       0 |      27 |   0.0 |  1111
        Lair:5 |       0 |   10234 |   0.0 |       0 |      31 |   0.0 |  2118
        Lair:6 |       0 |   17904 |   0.0 |       0 |      57 |   0.0 |  1681
         Orc:1 |       0 |    1207 |   0.0 |       0 |      28 |   0.0 |   669
         Orc:2 |       0 |    7628 |   0.0 |       0 |      76 |   0.0 |  1541
           Lab |       0 |    1277 |   0.0 |       0 |       1 |   0.0 |   697
         IceCv |       0 |    5474 |   0.0 |       0 |      20 |   0.0 |   508
               +---------+---------+-------+---------+---------+-------+---------
